Map: Torches LE

Players

ILoseUCheat

  • Race: Protoss Protoss
  • League: Diamond
  • Spawn Location: 1:00

KimChiLoVer - Winner!

  • Race: Terran Terran
  • League: Diamond
  • Spawn Location: 5:00

VOD

Have the link to the VOD?

Description

Time

  • Played on: Sept. 10, 2025, 9:39 p.m.
  • Length: 8:28
Show
View Real Time Build Order
Export as new Build Order

ILoseUCheat Protoss 

Build Orders: Forge Fast Expand (FFE) 

Get SALT Encoding   

  1  0:00  Probe  
  12  0:05  Probe  
  14  0:15  Probe  
  15  0:26  Pylon  
  15  0:44  Forge, Probe  
  16  0:56  Probe  
  17  1:07  Pylon  
  17  1:08  Probe  
  18  1:20  Probe  
  19  1:31  Pylon  
  19  1:40  Nexus  
  19  1:50  Photon Cannon  
  19  1:51  Photon Cannon  
  19  2:11  Assimilator  
  19  2:12  Gateway  
  19  2:53  Pylon  
  19  2:54  Probe  
  19  2:55  Probe  
  21  3:02  Probe  
  21  3:03  Probe  
  21  3:06  Cybernetics Core  
  21  3:07  Assimilator  
  21  3:10  Pylon x2  
  21  3:12  Probe  
  23  3:15  Pylon  
  24  3:22  Warp Gate  
  24  3:24  Probe  
  25  3:30  Gateway  
  25  3:32  Probe  
  26  3:36  Probe  
  26  3:38  Photon Cannon  
  27  3:42  Probe  
  27  3:44  Probe  
  28  3:50  Probe  
  28  3:52  Probe  
  30  3:59  Probe  
  30  4:01  Photon Cannon  
  31  4:03  Probe  
  31  4:07  Robotics Facility  
  33  4:13  Probe  
  33  4:15  Probe  
  35  4:23  Assimilator  
  35  4:25  Probe  
  35  4:27  Probe  
  35  4:31  Gateway  
  37  4:38  Probe, Assimilator  
  38  4:39  Probe  
  38  4:45  Warp Prism  
  39  4:50  Probe  
  40  4:54  Gateway  
  42  5:02  Protoss Ground Weapons Level 1  
  42  5:06  Probe  
  44  5:07  Probe  
  44  5:13  Pylon  
  44  5:18  Pylon  
  44  5:19  Probe x2  
  46  5:32  Photon Cannon  
  44  5:39  Stalker x2  
  44  5:40  Stalker  
  50  5:48  Probe  
  50  5:56  Probe  
  51  6:02  Pylon  
  52  6:04  Photon Cannon  
  52  6:06  Probe  
  52  6:24  Probe x2  
  42  6:32  Adept x4  
  50  6:36  Probe  
  50  6:37  Gateway  
  51  6:42  Gateway  
  51  7:10  Twilight Council  
  51  7:13  Probe x2  
  51  7:24  Probe  
  51  7:25  Probe  
  47  7:32  Photon Cannon, Probe  
  47  7:33  Probe  
  49  7:40  Probe  
  49  7:41  Probe  
  49  7:49  Dark Shrine  
  51  7:51  Probe x2  
  53  8:03  Probe x2  
  55  8:14  Stalker x2  
  55  8:15  Stalker x4  
Show
View Real Time Build Order
Export as new Build Order

KimChiLoVer Terran - Winner!

Build Orders:  

Get SALT Encoding   

  12  0:00  SCV  
  13  0:12  SCV  
  14  0:17  Supply Depot  
  14  0:25  SCV  
  15  0:39  SCV  
  15  0:40  Barracks  
  16  0:44  Refinery  
  16  0:51  SCV  
  16  0:54  Refinery  
  17  1:03  SCV  
  18  1:14  Supply Depot  
  18  1:28  Marine  
  19  1:36  Orbital Command  
  19  1:55  Marine  
  20  2:12  Marine  
  20  2:13  Bunker  
  21  2:30  Marine  
  22  2:48  Marine  
  23  3:01  SCV  
  23  3:02  Factory  
  23  3:04  Supply Depot  
  25  3:15  Barracks Reactor  
  24  3:30  SCV  
  25  3:47  Starport, Factory Tech Lab  
  25  3:51  Marine x2  
  25  3:53  SCV  
  25  3:54  Command Center  
  28  3:56  Supply Depot  
  28  4:00  Barracks  
  28  4:02  Barracks  
  28  4:11  Widow Mine  
  30  4:24  Medivac  
  30  4:28  SCV  
  33  4:33  Widow Mine  
  33  4:38  Marine x2  
  35  4:45  Supply Depot  
  37  4:48  Barracks Tech Lab  
  37  4:50  Barracks Reactor  
  37  4:54  Siege Tank  
  37  4:59  Liberator  
  43  5:00  SCV  
  43  5:04  Marine x2  
  46  5:11  Stimpack  
  46  5:12  SCV  
  47  5:46  Marine x5  
  47  5:47  Siege Tank  
  55  5:58  Medivac  
  57  6:04  Marine x5  
  62  6:22  Marine  
  61  6:27  Siege Tank, Marine x4  
  68  6:34  Medivac  
  70  6:42  Marine  
  70  6:44  SCV  
  70  6:47  Marine  
  70  6:54  SCV  
  70  7:17  Marine  
  70  7:18  Orbital Command  
  69  7:44  Marine  
  69  7:50  Supply Depot  
  70  7:55  Supply Depot  
  70  8:04  Marine x2  
Tags
 
Add a new tag
Caveats
  • Supply blocks, unpowered buildings, or Contaminate may cause inaccurate times.
  • Supply counts are checked every 10 seconds.